 Dungeon Crawl Stone Soup version 0.30-a0-793-g160f7cfddd (webtiles) character file.

Game seed: 4548066707801677755

351 hikkokomori the Digger (level 6, -1/38 HPs)
             Began as a Gargoyle Earth Elementalist on Feb 19, 2023.
             Shot with an arrow by a centaur (9 damage)
             ... on level 5 of the Dungeon.
             The game lasted 00:05:29 (3457 turns).

hikkokomori the Digger (GrEE)                       Turns: 3457, Time: 00:05:30

Health: -1/38      AC:  8    Str: 13    XL:     6   Next: 61%
Magic:  9/9        EV: 11    Int: 21    God:
Gold:   54         SH:  0    Dex: 10    Spells: 5/9 levels left

rFire   . . .      SeeInvis .    l - +4 mace of an ice cave {venom, Str+2 Int+3}
rCold   + . .      Faith    .    (no shield)
rNeg    + . .      Spirit   .    a - +0 robe
rPois   ∞          Reflect  .    y - +1 helmet of Hopscotch {Fly rC+}
rElec   +          Harm     .    (no cloak)
rCorr   .          Rampage  .    (no gloves)
Will    .....                    (no boots)
Stlth   +++                      (no amulet)
HPRegen 0.26/turn                (no ring)
MPRegen 0.11/turn                (no ring)

@: flying
A: sickness immunity, AC +4, negative energy resistance 1, electricity
resistance, torment resistance 1, petrification resistance
a: no special abilities


You were on level 5 of the Dungeon.
You visited 1 branch of the dungeon, and saw 5 of its levels.

You collected 282 gold pieces.
You spent 228 gold pieces at shops.

Inventory:

Hand Weapons
 l - the +4 mace of an ice cave (weapon) {venom, Str+2 Int+3}
   (You found it on level 2 of the Dungeon)

   Str:       It affects your strength (+2).
   Int:       It affects your intelligence (+3).
 u - the +8 dagger "Loazal" {heavy, rPois Stlth+}
   (You found it on level 3 of the Dungeon)

   rPois:     It protects you from poison.
   Stlth:     It makes you more stealthy.
 v - a +0 antimagic dagger
 z - the +1 dagger of the Hurting Gods {flame, Will+}
   (You found it on level 5 of the Dungeon)

   Will:      It increases your willpower.
Missiles
 e - 4 javelins
 p - a throwing net
Armour
 a - a +0 robe (worn)
 y - the +1 helmet of Hopscotch (worn) {Fly rC+}
   (You bought it in a shop on level 4 of the Dungeon)

   rC:        It protects you from cold.
   Fly:       It grants you flight.
Wands
 x - a wand of flame (24)
Scrolls
 m - a scroll of blinking
 n - 2 scrolls of teleportation
Potions
 b - a potion of magic
 c - 3 potions of curing
 f - a potion of flight {unknown}
 h - a potion of heal wounds {unknown}
 k - 2 potions of resistance {unknown}
 o - 2 potions of degeneration {unknown}
 q - 3 potions of attraction
 s - 2 potions of might {unknown}
 t - 2 potions of haste {unknown}


   Skills:
 + Level 3.6 Fighting
 - Level 1.5 Dodging
 + Level 4.7 Stealth
 - Level 2.0 Spellcasting
 + Level 2.0 Conjurations
 - Level 0.7 Transmutations
 + Level 5.5 Earth Magic


You had 5 spell levels left.
You knew the following spells:

 Your Spells              Type           Power      Damage    Failure   Level
a - Sandblast             Erth           50%        2d12      1%          1
b - Stone Arrow           Conj/Erth      34%        3d9       10%         3

Your spell library contained the following spells:

 Spells                   Type           Power      Damage    Failure   Level
 Passwall                 Tmut/Erth      12%        N/A       6%          2
 Petrify                  Tmut/Erth      15%        N/A       38%         4


Dungeon Overview and Level Annotations

Branches:
Dungeon (5/15)
 Temple: D:4-7

Altars:
Dithmenos
Okawaru
Ru
Trog
Xom
Yredelemnul
Zin
The Shining One

Shops:
D:4 [


Innate Abilities, Weirdness & Mutations

You are immune to sickness and miasma.
Your stone body is resilient. (AC +4)
You are immune to poison.
You resist negative energy. (rN+)
You are resistant to electric shocks. (rElec)
You are resistant to unholy torment.
You are immune to petrification.


Message History

You completely miss the rat. Your punch misses the rat.
The river rat twitches its whiskers.
You hit the river rat.
The river rat is poisoned.
The river rat is moderately wounded.
The river rat closely misses you.
You hit the river rat.
You kill the river rat!
The rat closely misses you.
Your Conjurations skill increases to level 2!
You sock the rat!
You kill the rat!
You hear the slow rusting of a distant drain.
The sentinel's mark upon you fades away.
You hit the rat.
The rat is poisoned.
The rat is heavily wounded.
You kill the rat!
You barely miss the rat. The rat bites you but does no damage.
You barely miss the rat.
A centaur comes into view.
The rat misses you.
The centaur wields a +0 shortbow.
The centaur shoots an arrow.
The arrow hits you. The rat bites you but does no damage.
You hit the rat.
You kill the rat!
The centaur shoots an arrow.
The arrow barely misses you.
The centaur shoots an arrow.
The arrow hits you. The rat barely misses you.
You hit the rat.
You kill the rat!
The centaur shoots an arrow.
The arrow hits you.
The centaur shoots an arrow.
The arrow hits you.
The centaur shoots an arrow.
The arrow barely misses you.
Things that are here:
a river rat corpse; a ball python corpse The centaur shoots an arrow.
The arrow completely misses you.
Things that are here:
a river rat corpse; a ball python corpse The centaur shoots an arrow.
The arrow hits you!
* * * LOW HITPOINT WARNING * * *
The centaur shoots an arrow.
The arrow hits you!
You die...

.....#.......# #.#
.....#.......# #.#
.....#.......# #.#
..(..#.......###.#
.............†.#.#
....###.....##.#.#
....# #.###.#..#†#
....# #.#...#.##.#
....# #.#.###.##@#
#.### #.#.#....#.#
#.# #.#.#.#..#c#
#.# #.#.#.#..#.#
#.# #.#.#...<#.#
#'# #.#.######.#
...# #..........#
...# ###.########
...# #.#


You could see a centaur.

Vanquished Creatures
  A black bear (D:4)
  A hound (D:5)
  An orc priest (D:3)
  An iguana (D:4)
  An orc wizard (D:3)
  7 adders
  A river rat (D:5)
  A worm (D:2)
  2 orcs (D:3)
  6 ball pythons
  7 endoplasms
  3 giant cockroaches
  8 goblins
  6 hobgoblins
  4 jackals (D:4)
  7 kobolds
  6 quokkas
  5 bats
  A frilled lizard (D:1)
  6 rats
75 creatures vanquished.

Notes
Turn   | Place    | Note
-------+----------+-------------------------------------------
     0 | D:1      | hikkokomori the Gargoyle Earth Elementalist began the quest
                  | for the Orb.
     0 | D:1      | Reached XP level 1. HP: 10/10 MP: 3/3
   171 | D:1      | Reached XP level 2. HP: 16/16 MP: 1/5
   284 | D:1      | Reached skill level 1 in Fighting
   485 | D:1      | Reached skill level 4 in Earth Magic
   538 | D:2      | Found a glowing silver altar of Zin.
   566 | D:2      | Identified the +4 mace of an ice cave {venom, Str+2 Int+3}
   646 | D:2      | Reached XP level 3. HP: 19/20 MP: 6/6
  1261 | D:3      | Reached XP level 4. HP: 26/26 MP: 4/7
  1357 | D:3      | Reached XP level 5. HP: 17/31 MP: 1/8
  1513 | D:3      | Found a shimmering altar of Xom.
  1513 | D:3      | Found a bloodstained altar of Trog.
  1684 | D:3      | Identified the +8 dagger "Loazal" {heavy, rPois Stlth+}
  1734 | D:3      | Learned a level 3 spell: Stone Arrow
  1738 | D:3      | Found a shadowy altar of Dithmenos.
  1750 | D:3      | Found a glowing golden altar of the Shining One.
  1971 | D:3      | Reached skill level 5 in Earth Magic
  2100 | D:4      | Found Ilukhio's Antique Armour Shop.
  2381 | D:4      | Noticed a black bear
  2387 | D:4      | Killed a black bear
  2388 | D:4      | Reached skill level 1 in Conjurations
  2388 | D:4      | Reached XP level 6. HP: 10/37 MP: 7/9
  2920 | D:4      | Found a basalt altar of Yredelemnul.
  2920 | D:4      | Found a faded altar of an unknown god.
  2928 | D:4      | Found an iron altar of Okawaru.
  2930 | D:4      | Found a sacrificial altar of Ru.
  2932 | D:4      | Found a faded altar of an unknown god.
  3072 | D:4      | Bought a faintly glowing helmet for 228 gold pieces
  3072 | D:4      | Identified the +1 helmet of Hopscotch {Fly rC+} (You bought
                  | it in a shop on level 4 of the Dungeon)
  3250 | D:5      | Entered Level 5 of the Dungeon
  3253 | D:5      | Identified the +1 dagger of the Hurting Gods {flame, Will+}
  3457 | D:5      | Shot with an arrow by a centaur

Illustrated notes

Levels and vault maps discovered:
D:1:      dpeg_arrival_pits, layout_rooms
D:2:      layout_basic, basic_altar, feat_on_display
D:3:      layout_loops_ring, nicolae_tso_swordbearing_angel,
          gammafunk_temple_overflow_pools, grunt_dithmenos_smoke,
          kennysheep_nub, kennysheep_generic_room_8
D:4:      layout_basic, chequers_temple_overflow_minitemple, serial_shops,
          nicolae_inconvenience_store
D:5:      black_bear_nest_2, layout_basic, portal_sewer_entry_b,
          chequers_serial_rivers_large_b

Skill      XL: |  1  2  3  4  5  6 |
---------------+-------------------+-----
Fighting       | 1 2 3 |  3.6
Earth Magic    | 4 5 |  5.5
Stealth        | 3 4 |  4.7
Conjurations   | 1 2 |  2.0
Dodging        | |  1.5
Spellcasting   | |  2.0
Transmutations | |  0.7

Action                     |  1- 3 |  4- 6 || total
---------------------------+-------+-------++-------
  Melee: Unarmed           |     3 |       ||     3
         Mace              |     8 |    46 ||    54
         Dagger            |       |    27 ||    27
   Cast: Sandblast         |    39 |    19 ||    58
    Use: Scroll            |       |    10 ||    10
   Stab: Sleeping          |       |    11 ||    11
 Armour: Robe              |    10 |    27 ||    37
  Dodge: Dodged            |    14 |    57 ||    71

Table legend: (Time is in decaauts)
 A = Elapsed time spent in this place.
 B = Non-inter-level travel time spent in this place.
 C = Inter-level travel time spent in this place.
 D = Time resting spent in this place.
 E = Time spent auto-exploring this place.
 F = Levels seen in this place.
 G = Mean time per level.
                   A        B        C        D        E       F      G
               +--------+--------+--------+--------+--------+-----+--------+
         Total |   3518 |   3342 |    176 |      0 |   2786 |   5 |  703.6 |
       Dungeon |   3518 |   3342 |    176 |      0 |   2786 |   5 |  703.6 |
               +--------+--------+--------+--------+--------+-----+--------+

Top non-repeatable levels by time:
     D:4: 1181 daAuts
     D:3: 859 daAuts
     D:2: 721 daAuts
     D:1: 542 daAuts
     D:5: 213 daAuts
